 Dungeon Crawl Stone Soup version 0.32-a0-981-g384da2ce10 (webtiles) character file.

Game seed: 13688705361728527920

254 DrKenneth the Shield-Bearer (level 5, -4/48 HPs)
             Began as a Minotaur Fighter on Apr 20, 2024.
             Incinerated by a bombardier beetle (7 damage)
             ... with a burning spray
             ... on level 3 of the Dungeon.
             The game lasted 00:05:24 (2326 turns).

DrKenneth the Shield-Bearer (Minotaur Fighter)      Turns: 2326, Time: 00:05:25

Health: -4/48      AC:  8    Str: 23    XL:     5   Next: 90%
Magic:  4/4        EV:  8    Int:  5    God:
Gold:   150        SH:  4    Dex:  9    Spells: 4/4 levels left

rFire   . . .        a - +0 war axe
rCold   . . .        c - +0 buckler
rNeg    . . .        b - +0 scale mail
rPois   .            (helmet restricted)
rElec   .            (no cloak)
rCorr   .            (no gloves)
SInv    .            e - +0 pair of boots
Will    .....        (no amulet) Stlth
                     (no ring)
HPRegen 0.28/turn    (no ring)
MPRegen 0.09/turn

%: no passive effects
@: on fire, glowing
A: horns 2, retaliatory headbutt
a: no special abilities


You were on level 3 of the Dungeon.
You visited 1 branch of the dungeon, and saw 3 of its levels.
You also visited: Sewer.

You collected 150 gold pieces.

Inventory:

Hand Weapons
 a - a +0 war axe (weapon)
Armour
 b - a +0 scale mail (worn)
 c - a +0 buckler (worn)
 e - a +0 pair of boots (worn)
Scrolls
 j - a scroll of teleportation {unknown}
 k - a scroll of enchant armour {unknown}
 l - 2 scrolls of immolation {unknown}
 m - 3 scrolls of identify {unknown}
Potions
 d - a potion of might
 f - 4 potions of brilliance {unknown}
 g - 5 potions of invisibility {unknown}
 h - 5 potions of mutation {unknown}
 i - a potion of degeneration {unknown}
 n - 2 potions of resistance {unknown}
 o - a potion of haste {unknown}
 p - 2 potions of cancellation {unknown}
 q - a potion of magic {unknown}
 r - a potion of heal wounds {unknown}
 s - a potion of lignification {unknown}


   Skills:
 + Level 5.0 Fighting
 + Level 4.3 Axes
 + Level 5.0 Armour
 + Level 5.1 Shields


You had 4 spell levels left.
You didn't know any spells.
Your spell library contained the following spells:

 Spells                   Type           Power      Damage    Failure   Level
 Teleport Other           Tloc           0%         N/A       99%         3
 Dispersal                Tloc           0%         N/A       100%        6
 Gell's Gavotte           Tloc           0%         2d(11-16) 100%        6


Dungeon Overview and Level Annotations

Branches:
Dungeon (3/15)              Sewer (visited)

Altars:


Innate Abilities, Weirdness & Mutations

You have a pair of horns on your head.
You reflexively headbutt those who attack you in melee.


Message History

The liquid fire burns you! You block the giant cockroach's attack.
The frilled lizard bites you but does no damage.
You block the giant cockroach's attack.
The frilled lizard bites you but does no damage.
You completely miss the giant cockroach.
The giant cockroach is almost dead.
You hit the frilled lizard.
You kill the frilled lizard!
The liquid fire burns you!
The giant cockroach bites you but does no damage.
The adder bites you but does no damage.
The giant cockroach bites you but does no damage.
You closely miss the giant cockroach.
The giant cockroach is almost dead.
You hit the orc. You barely miss the adder. The liquid fire burns you!
* * * LOW HITPOINT WARNING * * *
The adder bites you but does no damage. The orc hits you with a +0 club.
* * * LOW HITPOINT WARNING * * *
The giant cockroach barely misses you. You furiously retaliate!
You headbutt the giant cockroach.
You kill the giant cockroach!
You completely miss the orc.
The orc is lightly wounded.
You completely miss the adder. The liquid fire burns you!
* * * LOW HITPOINT WARNING * * *
The adder bites you but does no damage. The orc hits you but does no damage.
The adder closely misses you. The orc hits you with a +0 club.
* * * LOW HITPOINT WARNING * * *
The hobgoblin hits you.
* * * LOW HITPOINT WARNING * * *
You slash the hobgoblin!
You kill the hobgoblin!
You slash the orc!
You kill the orc!
You closely miss the adder. The liquid fire burns you!
You die...

#######
######.###......##.#.....
.......
...........)....##.#..###
#.....
................+).#.....
# ###
####.$.........##.##.###
#
.........#......##.......
#
########.###########.#...
# ............... #.#...
# #...#....####.. #.#...
# #. #..@.# #.#... #
#.S†)# #.###. # ##.....
#.# #. # #...#... #.# #.
# #...#....# #.###. #
#..# ##..# ...# #..... #
#..# #..# ##?# #.#### #
#..# ##.. .. #.# # #..#
#.#


You could see an adder.

Vanquished Creatures
  A kobold brigand (Sewer)
  A bombardier beetle (D:3)
  An orc wizard (D:2)
  2 adders
  3 dart slugs
  5 orcs
  9 endoplasms
  9 giant cockroaches
  6 goblins
  5 hobgoblins
  4 jackals (D:1)
  21 kobolds
  6 quokkas
  2 ball pythons
  9 bats
  6 frilled lizards
  5 rats
95 creatures vanquished.

Notes
Turn   | Place    | Note
-------+----------+-------------------------------------------
     0 | D:1      | DrKenneth the Minotaur Fighter began the quest for the Orb.
     0 | D:1      | Reached XP level 1. HP: 19/19 MP: 0/0
   174 | D:1      | Reached XP level 2. HP: 26/27 MP: 1/1
   680 | D:1      | Reached XP level 3. HP: 32/33 MP: 2/2
  1222 | D:2      | Reached XP level 4. HP: 32/40 MP: 3/3
  1797 | D:3      | Found a glowing drain.
  1809 | Sewer    | Entered a sewer
  1931 | Sewer    | Noticed a kobold brigand
  1942 | Sewer    | Killed a kobold brigand
  1943 | Sewer    | Reached XP level 5. HP: 41/47 MP: 4/4
  2087 | D:3      | Reached skill level 5 in Shields
  2322 | D:3      | Reached skill level 5 in Fighting
  2322 | D:3      | Reached skill level 5 in Armour
  2326 | D:3      | Incinerated by a bombardier beetle

Illustrated notes

Levels and vault maps discovered:
D:1:      psy_arrival_dodecagon, layout_basic, serial_glass, glass_columns_a,
          glass_columns_c
D:2:      layout_basic, bh_walls_and_bars
D:3:      minmay_recursive_quarters, layout_basic, gup_sewer_entry_pipe,
          minmay_box_of_dots

Skill      XL: |  1  2  3  4  5 |
---------------+----------------+-----
Shields        | 4 5 |  5.1
Armour         | 4 5 |  5.0
Fighting       | 4 5 |  5.0
Axes           | 3 4 |  4.3

Action                     |  1- 3 |  4- 6 || total
---------------------------+-------+-------++-------
  Melee: War axe           |    83 |    89 ||   172
         Headbutt          |     4 |    15 ||    19
 Armour: Scale mail        |    83 |    94 ||   177
  Dodge: Dodged            |    33 |    51 ||    84
  Block: Buckler           |    16 |    27 ||    43

Table legend: (Time is in decaauts)
 A = Elapsed time spent in this place.
 B = Non-inter-level travel time spent in this place.
 C = Inter-level travel time spent in this place.
 D = Time resting spent in this place.
 E = Time spent auto-exploring this place.
 F = Levels seen in this place.
 G = Mean time per level.
                   A        B        C        D        E       F      G
               +--------+--------+--------+--------+--------+-----+--------+
         Total |   2417 |   2213 |    204 |      0 |   1583 |   4 |  604.2 |
       Dungeon |   2109 |   1905 |    204 |      0 |   1498 |   3 |  703.0 |
         Sewer |    308 |    308 |      0 |      0 |     85 |   1 |  308.0 |
               +--------+--------+--------+--------+--------+-----+--------+

Top non-repeatable levels by time:
     D:2: 804 daAuts
     D:1: 767 daAuts
     D:3: 537 daAuts
   Sewer: 308 daAuts
